AoeStats
← lorenzo021

Arabia

508936820Analyzed
4v4 RM · 8d ago on Sep 24, 2026· 37m 26s· 8 players
Game mode
Random Map
Map size
Large (8 player)
Population
200
Speed
Normal
Resources
Standard
Victory
Conquest
Starting age
Dark Age
Ending age
Imperial Age
RankedLock teamsTeams togetherTeam positionsShared explorationLock speedFull tech treeHidden civsTurbo modeCheats
Victory
Defeat
🇩🇪 Varangians · Germany
1100
+11
🇫🇷 Khmer · France
1098
+11
🇨🇱 Chinese · Chile
1050
+13
🇬🇧 Spanish · United Kingdom
1049
+13
🇮🇹 Persians · Italy
1039
-13
🇮🇹 Magyars · Italy
995
-12
🇮🇹 Franks · Italy
980
-12
🇮🇹 Persians · Italy
965
-11
Chico_Migraña
0:39 Loom
10:15 Feudal Age
13:53 Wheelbarrow
13:37 Double-Bit Axe
17:25 Castle Age
16:40 Bloodlines
16:25 Horse Collar
17:57 Scale Barding Armor
18:29 Bow Saw
18:22 Light Cavalry
21:18 Forging
21:55 Heavy Plow
23:13 Iron Casting
24:04 Hand Cart
25:00 Chain Barding Armor
26:30 Town Watch
29:11 Fletching
29:45 Crossbowman
30:31 Thumb Ring
31:02 Bodkin Arrow
31:08 Padded Archer Armor
33:54 Scale Mail Armor
34:24 Town Patrol
37:39 Imperial Age
35:40 Ballistics
35:19 Gold Mining
Gamer_90_
4:47 Loom
4:55 Loom
12:17 Feudal Age
13:47 Wheelbarrow
18:13 Horse Collar
18:22 Double-Bit Axe
19:39 Gold Mining
23:33 Castle Age
21:32 Stone Mining
22:35 Scale Barding Armor
23:40 Forging
24:40 Hand Cart
27:09 Iron Casting
27:13 Husbandry
28:11 Heavy Plow
28:24 Bow Saw
30:05 Light Cavalry
31:31 Stone Shaft Mining
31:30 Bloodlines
35:46 Chain Barding Armor
36:24 Pikeman
36:50 Arson
37:24 Medium Warships
36:34 Demolition Ship
37:30 Scale Mail Armor
37:31 Padded Archer Armor
37:46 Squires
37:32 Gambesons
37:07 Man-at-Arms
Digit
6:36 Loom
9:11 Feudal Age
10:08 Double-Bit Axe
16:18 Forging
18:53 Horse Collar
23:06 Castle Age
23:08 Light Cavalry
23:59 Bloodlines
26:05 Gold Mining
28:59 Husbandry
29:17 Heavy Plow
30:52 Bow Saw
31:21 Wheelbarrow
31:43 Scale Barding Armor
34:24 Iron Casting
35:30 Chain Barding Armor
36:30 Gold Shaft Mining
mayool
7:29 Loom
10:35 Feudal Age
11:29 Double-Bit Axe
17:57 Castle Age
16:45 Forging
16:39 Horse Collar
19:24 Bow Saw
19:23 Heavy Plow
19:55 Fletching
26:23 Pikeman
27:27 Stone Mining
29:40 Bodkin Arrow
30:35 Wheelbarrow
29:57 Gold Mining
30:24 Town Watch
31:02 Scale Mail Armor
33:11 Hand Cart
36:34 Imperial Age
37:53 Iron Casting
37:35 Chain Mail Armor
37:53 Bracer
Djene
9:41 Loom
12:30 Feudal Age
13:05 Horse Collar
22:35 Castle Age
21:39 Gold Mining
21:45 Fletching
21:45 Double-Bit Axe
25:04 Crossbowman
28:59 Gold Shaft Mining
30:40 Bodkin Arrow
31:41 Wheelbarrow
31:56 Heavy Plow
31:49 Stone Mining
33:38 Padded Archer Armor
34:05 Bow Saw
lorenzo021
7:18 Loom
9:33 Feudal Age
10:11 Double-Bit Axe
10:21 Horse Collar
15:46 Wheelbarrow
20:10 Castle Age
19:13 Scale Barding Armor
19:03 Gold Mining
19:55 Bloodlines
21:00 Husbandry
26:42 Chain Barding Armor
28:35 Heavy Plow
29:22 Hand Cart
29:48 Town Watch
30:54 Fletching
34:19 Gold Shaft Mining
38:06 Imperial Age
Conquistatoooore
0:28 Loom
11:12 Feudal Age
20:10 Castle Age
33:28 Imperial Age
Fil
0:28 Loom
11:44 Feudal Age
12:25 Double-Bit Axe
12:23 Horse Collar
22:37 Castle Age
21:09 Scale Barding Armor
22:46 Bloodlines
25:17 Husbandry
29:45 Wheelbarrow
30:25 Chain Barding Armor
Connection lost

Rejoining the realm…

Still unreachable

The connection could not be restored.

Session expired

The server has moved on; the page needs a fresh start.